 Dungeon Sprint DCSS version 0.23.2-1-ga50397a6bc (webtiles) character file.

Game seed: 3881303527081303400

2628 Kobolds4U the Imperceptible (level 9, -1/48 HPs)
             Began as a Spriggan Assassin on May 30, 2019.
             Was an Elder of Okawaru.
             Succumbed to a redback's poison
             ... in the Dungeon (Sprint I: "Red Sonja").
             The game lasted 00:03:15 (202 turns).

Kobolds4U the Imperceptible (Spriggan Assassin)      Turns: 202, Time: 00:03:15

Health: -1/48      AC:  2    Str:  7    XL:     9   Next: 35%
Magic:  1/14       EV: 33    Int: 13    God:    Okawaru [****..]
Gold:   239        SH:  0    Dex: 20    Spells: 8/8 levels left

rFire    . . .     SeeInvis +   a - +2 dagger
rCold    . . .     Gourm    .   (shield restricted)
rNeg     . . .     Faith    .   c - +0 robe
rPois    .         Spirit   +   (helmet restricted)
rElec    .         Reflect  .   p - scarf {Spirit}
rCorr    .         Harm     .   (gloves unavailable)
MR       +....     NoTele   +   (boots unavailable)
Stlth    +++++.....             (no amulet)
HPRegen  0.16/turn              (no ring)
MPRegen  0.14/turn              (no ring)

@: lethally poisoned (-1 -> -42), heroism, slow
A: very small, unfitting armour, see invisible, herbivore, speed 3, slow
metabolism 2
a: Heroism, Renounce Religion


You were in the Dungeon.
You worshipped Okawaru.
Okawaru was greatly pleased with you.
You were not hungry.

You visited 1 branch You collected 351 gold pieces.
You spent 112 gold pieces at shops.

Inventory:

Hand Weapons
 a - a +2 dagger (weapon)
 b - a +0 blowgun
 q - a +0 shortbow
Missiles
 e - 2 poisoned needles
 r - 42 arrows
Armour
 c - a +0 robe (worn)
 d - a +0 cloak
 p - a scarf of spirit shield (worn)
Scrolls
 n - a scroll of fear {unknown}
Potions
 j - a potion of haste
 k - 2 potions of magic
 l - a potion of agility {unknown}
 m - a potion of lignification {unknown}
 o - a potion of invisibility
Comestibles
 g - a ration


   Skills:
 + Level 5.7(10.7) Fighting
 - Level 2.1(7.1) Short Blades
 - Level 2.0(7.0) Throwing
 * Level 11.3(16.3) Dodging
 - Level 24.2(27) Stealth
 + Level 6.5 Invocations


You had 8 spell levels left.
You didn't know any spells.
Your spell library was empty.

Dungeon Overview and Level Annotations

Branches:
Dungeon (1/1)

Altars:
Cheibriados
Dithmenos
Elyvilon
Fedhas
Gozag
Hepliaklqana
Kikubaaqudgha
Makhleb
Nemelex Xobeh
Okawaru
Qazlal
Ru
Sif Muna
Trog
Uskayaw
Vehumet
Wu Jian
Xom
Yredelemnul
Zin
The Shining One
Jiyva
Lugonu

Shops:
D !


Innate Abilities, Weirdness & Mutations

You are very small and have problems with some larger weapons.
You are too small for most types of armour.
You have supernaturally acute eyesight. (SInv)
You are a herbivore.
You cover ground extremely quickly.
You need to consume almost no food.


Message History

You feel very sick. The redback closely misses you.
You closely miss the redback.
The redback is almost dead.
* * * LOW HITPOINT WARNING * * *
You feel very sick.
The redback splashes around in the water.
You hit the redback.
You kill the redback!
Okawaru accepts your kill.
Your base Dodging skill increases to level 11!
* * * LOW HITPOINT WARNING * * *
You feel sick.
You enter the shallow water.
Moving in this stuff is going to be slow.
* * * LOW HITPOINT WARNING * * *
You feel very sick.
* * * LOW HITPOINT WARNING * * *
You feel very sick.
You die...

#################
.#.)'..#.)'..#__#
.'..#.)'..#..+J.+
.#####'#####'#__####
.####..#...#.####§.####
.#__####..##.#§§§§§#$$#
.#_____##'#§.§§≈@§§§.†#
⌠#_.∩...'..§§#§§≈§§#§.#
##_..__##_.#'##+#####(###
#_____###+#[# #.($#
####### ### ###(# #§# #§#
#.# +§#


There were no monsters in sight!

Vanquished Creatures
  2 centaur warriors (D)
  An oklob plant (D)
  A hornet (D)
  Sigmund (D)
  2 redbacks (D)
  A yak (D)
  An ogre (D)
  A jelly (D)
  Ijyb (D)
11 creatures vanquished.

Notes
Turn   | Place    | Note
-------+----------+-------------------------------------------
     0 | D        | Kobolds4U the Spriggan Assassin began the quest for the
                  | Orb.
     0 | D        | Reached XP level 1. HP: 10/10 MP: 2/2
     2 | D        | Noticed Ijyb
     4 | D        | Killed Ijyb
     4 | D        | Reached skill level 10 in Stealth
     4 | D        | Reached XP level 2. HP: 14/14 MP: 3/3
     6 | D        | Noticed an ogre
     9 | D        | Killed an ogre
     9 | D        | Reached skill level 14 in Stealth
     9 | D        | Reached XP level 3. HP: 18/18 MP: 4/4
     9 | D        | Reached XP level 4. HP: 22/22 MP: 5/5
    19 | D        | Noticed Sigmund
    22 | D        | Killed Sigmund
    22 | D        | Reached skill level 18 in Stealth
    22 | D        | Reached XP level 5. HP: 25/25 MP: 6/6
    34 | D        | Found a burning altar of Makhleb.
    34 | D        | Found a viscous altar of Jiyva.
    34 | D        | Found a shimmering altar of Xom.
    34 | D        | Found a corrupted altar of Lugonu.
    34 | D        | Noticed a slime creature
    38 | D        | Found an ornate altar of the Wu Jian Council.
    38 | D        | Found a deep blue altar of Sif Muna.
    40 | D        | Found a radiant altar of Vehumet.
    45 | D        | Found Jeiledgh's Distillery.
    45 | D        | Found an ancient bone altar of Kikubaaqudgha.
    45 | D        | Found a hazy altar of Hepliaklqana.
    45 | D        | Found a stormy altar of Qazlal.
    45 | D        | Found a hide-covered altar of Uskayaw.
    45 | D        | Found a blossoming altar of Fedhas.
    45 | D        | Found a bloodstained altar of Trog.
    45 | D        | Found an iron altar of Okawaru.
    45 | D        | Found a basalt altar of Yredelemnul.
    45 | D        | Found a glowing golden altar of the Shining One.
    45 | D        | Found a snail-covered altar of Cheibriados.
    45 | D        | Found a sacrificial altar of Ru.
    45 | D        | Found a glowing silver altar of Zin.
    45 | D        | Found a shadowy altar of Dithmenos.
    45 | D        | Found a white marble altar of Elyvilon.
    45 | D        | Noticed a yak
    46 | D        | Found an opulent altar of Gozag.
    47 | D        | Killed a yak
    47 | D        | Reached skill level 20 in Stealth
    47 | D        | Reached XP level 6. HP: 30/30 MP: 7/7
    48 | D        | Found a sparkling altar of Nemelex Xobeh.
    53 | D        | Became a worshipper of Warmaster Okawaru
    99 | D        | Bought a potion of invisibility for 112 gold pieces
   108 | D        | Noticed a centaur warrior
   108 | D        | Noticed a centaur warrior
   117 | D        | Killed a centaur warrior
   117 | D        | Reached * piety under Okawaru
   117 | D        | Reached ** piety under Okawaru
   117 | D        | Reached skill level 23 in Stealth
   117 | D        | Reached XP level 7. HP: 33/33 MP: 8/8
   117 | D        | Reached XP level 8. HP: 37/37 MP: 9/9
   118 | D        | Killed a centaur warrior
   118 | D        | Reached *** piety under Okawaru
   118 | D        | Reached skill level 24 in Stealth
   139 | D        | Noticed a hornet
   142 | D        | Killed a hornet
   142 | D        | Reached skill level 5 in Invocations
   145 | D        | Noticed an oklob plant
   147 | D        | Killed an oklob plant
   147 | D        | Reached skill level 5 in Fighting
   147 | D        | Reached skill level 10 in Dodging
   147 | D        | Reached XP level 9. HP: 47/47 MP: 2/14
   159 | D        | Reached **** piety under Okawaru
   202 | D        | Succumbed to a redback's poison

Skill      XL: |  1  2  3  4  5  6  7  8  9 |
---------------+----------------------------+-----
Stealth        | 10 14 18 20 23 24 | 24.2
Fighting       | 5 |  5.7
Dodging        | 10 11 | 11.3
Invocations    | 5 6 |  6.5
Short Blades   | |  2.1
Throwing       | |  2.0

Action                   |  1- 3 |  4- 6 |  7- 9 || total
-------------------------+-------+-------+-------++-------
Melee: Dagger            |     2 |     5 |    18 ||    25
 Fire: Blowgun           |       |       |     8 ||     8
Invok: Heroism           |       |       |     1 ||     1
  Use: Potion            |       |     1 |     2 ||     3
       Scroll            |       |     1 |       ||     1
 Stab: Sleeping          |     2 |     3 |     3 ||     8
Armor: Robe              |       |     1 |       ||     1
Dodge: Dodged            |       |     2 |    15 ||    17
